 Dungeon Crawl Stone Soup version 0.32-a0-918-g0f22ef8d61 (webtiles) character file.

Game seed: 8198367957279477700

2702 Revguard the Shield-Bearer (level 9, 0/75 HPs)
             Began as a Ghoul Fighter on Apr 10, 2024.
             Slain by a wight
             ... wielding a +0 quarterstaff
              (7 damage)
             ... on level 7 of the Dungeon.
             The game lasted 00:15:28 (4902 turns).

Revguard the Shield-Bearer (Ghoul Fighter)          Turns: 4902, Time: 00:15:29

Health: 0/75       AC: 11    Str: 26    XL:     9   Next: 65%
Magic:  12/12      EV: 15    Int:  7    God:
Gold:   563        SH:  9    Dex: 12    Spells: 8/8 levels left

rFire   . . .        a - +0 long sword
rCold   + . .        s - +0 kite shield
rNeg    + + +        b - +4 ring mail
rPois   ∞            (no helmet)
rElec   .            B - scarf of Pan-Flutes {harm, Slay+2}
rCorr   .            (no gloves)
SInv    .            H - +0 pair of boots
Will    .....        (no amulet)
Stlth   +            g - +6 ring of strength
HPRegen 0.00/turn    u - +5 ring of evasion
MPRegen 0.13/turn

%: harm (+30% outgoing, +20% incoming)
@: inhibited regen, invisible
A: claws 1, cold resistance 1, negative energy resistance 3, inhibited
regeneration, torment resistance 2, devour on kill
a: no special abilities


You were on level 7 of the Dungeon.
You visited 1 branch of the dungeon, and saw 7 of its levels.
You also visited: Sewer.

You collected 563 gold pieces.

Inventory:

Hand Weapons
 a - a +0 long sword (weapon)
 y - a +1 dagger of venom
Missiles
 D - 3 throwing nets (quivered)
Armour
 b - a +4 ring mail (worn)
 p - the +5 robe of Misfortune {Harm *Corrode *Slow EV+5}
   (You found it on level 2 of the Dungeon)

   EV+5:      It affects your evasion (+5).
   *Corrode:  It may corrode you when you take damage.
   *Slow:     It may slow you when you take damage.
   Harm:      It increases damage dealt and taken.
 s - a +0 kite shield (worn)
 B - the scarf of Pan-Flutes (worn) {harm, Slay+2}
   (You found it on level 4 of the Dungeon)

   Slay+2:    It affects your accuracy & damage with ranged weapons and melee
   (+2).
 H - a +0 pair of boots (worn)
Jewellery
 g - a +6 ring of strength (left claw)
 u - a +5 ring of evasion (right claw)
Wands
 I - a wand of roots (5)
Scrolls
 c - a scroll of identify
 h - 2 scrolls of revelation
 i - a scroll of enchant armour {unknown}
 m - 4 scrolls of fear {unknown}
 n - 3 scrolls of teleportation {unknown}
 q - a scroll of fog {unknown}
 w - 2 scrolls of butterflies {unknown}
 C - a scroll of vulnerability {unknown}
 E - a scroll of amnesia
 F - 2 scrolls of enchant weapon {unknown}
 G - a scroll of immolation {unknown}
Potions
 d - 2 potions of might
 f - 3 potions of mutation
 j - a potion of invisibility
 l - 2 potions of resistance
 o - 2 potions of cancellation
 t - 2 potions of enlightenment
 v - a potion of ambrosia {unknown}
 x - a potion of brilliance {unknown}
 z - a potion of haste {unknown}
 A - 2 potions of curing {unknown}
 J - 2 potions of heal wounds {unknown}


   Skills:
 + Level 6.0 Fighting
 + Level 4.6 Long Blades
 + Level 5.0 Armour
 + Level 3.7 Dodging
 * Level 6.4 Shields
 + Level 4.6 Invocations
 + Level 3.9 Evocations


You had 8 spell levels left.
You didn't know any spells.
Your spell library contained the following spells:

 Spells                   Type           Power      Damage    Failure   Level
 Apportation              Tloc           0%         N/A       78%         1
 Freeze                   Ice            0%         1d3       78%         1
 Necrotise                Necr           0%         1d4       78%         1
 Sting                    Conj/Alch      0%         1d3       78%         1
 Summon Small Mammal      Summ           0%         N/A       78%         1
 Blink                    Tloc           0%         N/A       89%         2
 Jinxbite                 Hex            0%         N/A       89%         2
 Lesser Beckoning         Tloc           0%         N/A       89%         2
 Momentum Strike          Conj/Tloc      0%         3d8       89%         2
 Frozen Ramparts          Ice            0%         1d1       98%         3
 Fugue of the Fallen      Necr           0%         N/A       98%         3
 Hailstorm                Conj/Ice       0%         3d5       98%         3
 Ozocubu's Armour         Ice            0%         N/A       98%         3
 Volatile Blastmotes      Fire/Tloc      0%         2d10      98%         3
 Fulminant Prism          Conj/Alch      0%         3d5       100%        4
 Iskenderun's Mystic Bla Conj/Tloc 0%             2d3        (+2d1     100%        4
 Alistair's Intoxication  Alch           0%         N/A       100%        5
 Manifold Assault         Tloc           0%         N/A       100%        7


Dungeon Overview and Level Annotations

Branches:
Dungeon (7/15)              Sewer (visited)
 Temple: D:4-7

Altars:


Innate Abilities, Weirdness & Mutations

You are immune to poison.
You have sharp fingernails.
Your flesh is cold resistant. (rC+)
You are immune to negative energy. (rN+++)
You do not regenerate when monsters are visible.
You are immune to unholy pain and torment.
You thrive by killing the living.


Message History

You hit the wight but do no damage. The wight barely misses you.
The wight misses you.
You hit the wight.
The wight is moderately damaged.
The wight closely misses you. You block the wight's attack.
A wight comes into view. It is wielding a +4 dagger of freezing.
You hit the wight but do no damage.
The wight is moderately damaged.
The wight misses you. The wight barely misses you.
The wight hits you with a +0 quarterstaff!
You slash the wight!
The wight is almost destroyed.
The wight misses you. The wight hits you but does no damage.
The wight hits you with a +4 halberd!
You hit the wight but do no damage.
The wight is almost destroyed.
You block the wight's attack. The wight closely misses you.
You hit the wight but do no damage.
The wight is almost destroyed.
The wight closely misses you. The wight hits you with a +4 halberd.
You closely miss the wight.
The wight is almost destroyed.
The wight misses you. The wight closely misses you.
You slash the wight!
You destroy the wight!
The wight closely misses you. The wight misses you.
Your Armour skill increases to level 5!
You hit the wight but do no damage. You block the wight's attack.
The wight hits you with a +0 quarterstaff.
* * * LOW HITPOINT WARNING * * *
The wight hits you with a +4 dagger of freezing.
* * * LOW HITPOINT WARNING * * *
You closely miss the wight.
The wight hits you with a +0 quarterstaff.
* * * LOW HITPOINT WARNING * * *
The wight misses you.
Okay, then.
You fade into invisibility!
The wight hits you with a +0 quarterstaff.
You die...

........# ....... ... #...##
...... ..#
##...####...#######.##
..##...........#..#.[.##
............##..#........
.##..........#..#....#
##...................#####..
#.........#)z..)..#.##.#.#..
#.....#...##@z.).)###.......
.....####....#..<.#.........
......####..................#
.#....<#...##......#........
###.......#####............
........##.## #..##....)....
............## ##......<.....
#.......#....###.............
###....##....................


You could see 2 wights.

Vanquished Creatures
  A two-headed ogre (D:5)
  Menkaure (D:4)
  A sky beast (D:6)
  A black bear (D:6)
  An ice beast (D:5)
  2 ogres
  3 centaurs
  A phantom (D:5)
  A kobold brigand (Sewer)
  4 scorpions
  2 wights (D:7)
  A killer bee (D:6)
  3 howler monkeys
  3 bombardier beetles
  4 hounds
  A gnoll bouda (D:5)
  4 jellies
  5 iguanas
  An orc wizard (D:7)
  5 gnolls
  5 adders
  A white imp (D:5)
  4 ribbon worms
  3 orcs
  10 endoplasms
  7 giant cockroaches
  7 goblins
  5 hobgoblins
  10 jackals
  3 quokkas
  4 ball pythons
  2 bats
  3 frilled lizards
  15 kobolds
  6 rats
130 creatures vanquished.

Notes
Turn   | Place    | Note
-------+----------+-------------------------------------------
     0 | D:1      | Revguard the Ghoul Fighter began the quest for the Orb.
     0 | D:1      | Reached XP level 1. HP: 19/19 MP: 1/1
   235 | D:1      | Reached XP level 2. HP: 22/26 MP: 2/2
   470 | D:2      | Found the +5 robe of Misfortune {Harm *Corrode *Slow EV+5}
  1008 | D:2      | Reached XP level 3. HP: 30/31 MP: 3/3
  1392 | D:3      | Reached skill level 1 in Invocations
  1539 | D:3      | Reached XP level 4. HP: 39/39 MP: 4/4
  1583 | D:3      | Found a glowing drain.
  1625 | Sewer    | Entered a sewer
  1698 | Sewer    | Reached skill level 1 in Evocations
  1736 | Sewer    | Noticed a kobold brigand
  1773 | Sewer    | Killed a kobold brigand
  1774 | Sewer    | Reached skill level 1 in Dodging
  1774 | Sewer    | Reached XP level 5. HP: 43/46 MP: 4/6
  2298 | D:4      | Reached XP level 6. HP: 51/52 MP: 7/7
  2324 | D:4      | Noticed Menkaure
  2330 | D:4      | Killed Menkaure
  2415 | D:4      | Identified the scarf of Pan-Flutes {harm, Slay+2}
  2510 | D:4      | Reached XP level 7. HP: 51/59 MP: 8/8
  3087 | D:5      | Entered Level 5 of the Dungeon
  3321 | D:5      | Reached XP level 8. HP: 67/67 MP: 10/10
  3418 | D:5      | Reached skill level 5 in Shields
  3670 | D:6      | Reached skill level 5 in Fighting
  3970 | D:5      | Reached XP level 9. HP: 51/74 MP: 11/11
  4064 | D:6      | Noticed a two-headed ogre
  4089 | D:5      | HP: 1/74 [two-headed ogre/+0 giant club (20)]
  4093 | D:5      | Killed a two-headed ogre
  4900 | D:7      | Reached skill level 5 in Armour
  4902 | D:7      | Slain by a wight

Illustrated notes

Levels and vault maps discovered:
D:1:      saegor_arrival_simple_b, layout_rooms, minmay_shallow_snake_nest
D:2:      layout_loops_corners
D:3:      layout_rooms, cheibrodos_sewer_entry_bend
D:4:      wad_river_or_something, layout_basic, uniq_menkaure
D:5:      layout_rooms
D:6:      cheibrodos_fzero, layout_rooms
D:7:      layout_cave_pools, minmay_temple_entry_wispy, uniq_duvessa

Skill      XL: |  1  2  3  4  5  6  7  8  9 |
---------------+----------------------------+-----
Long Blades    | 2 3 4 |  4.6
Shields        | 3 4 5 6 |  6.4
Invocations    | 1 2 3 4 |  4.6
Armour         | 3 4 5 |  5.0
Evocations     | 1 2 3 |  3.9
Dodging        | 1 2 3 |  3.7
Fighting       | 4 5 6 |  6.0

Action                     |  1- 3 |  4- 6 |  7- 9 || total
---------------------------+-------+-------+-------++-------
  Melee: Long sword        |   115 |    39 |    17 ||   171
         Dagger            |       |   156 |   253 ||   409
  Throw: Throwing net      |       |       |     1 ||     1
    Use: Scroll            |     2 |       |     6 ||     8
         Potion            |       |       |     2 ||     2
   Stab: Sleeping          |     1 |     1 |     1 ||     3
 Armour: Scale mail        |    31 |       |       ||    31
         Robe              |    22 |    63 |    84 ||   169
         Ring mail         |       |       |    21 ||    21
  Dodge: Dodged            |    84 |   133 |   250 ||   467
  Block: Buckler           |    10 |       |       ||    10
         Kite shield       |    26 |   101 |   171 ||   298

Table legend: (Time is in decaauts)
 A = Elapsed time spent in this place.
 B = Non-inter-level travel time spent in this place.
 C = Inter-level travel time spent in this place.
 D = Time resting spent in this place.
 E = Time spent auto-exploring this place.
 F = Levels seen in this place.
 G = Mean time per level.
                   A        B        C        D        E       F      G
               +--------+--------+--------+--------+--------+-----+--------+
         Total |   5025 |   4940 |     85 |    481 |   2984 |   8 |  628.1 |
       Dungeon |   4684 |   4599 |     85 |    481 |   2837 |   7 |  669.1 |
         Sewer |    341 |    341 |      0 |      0 |    147 |   1 |  341.0 |
               +--------+--------+--------+--------+--------+-----+--------+

Top non-repeatable levels by time:
     D:5: 1179 daAuts
     D:4: 933 daAuts
     D:2: 933 daAuts
     D:3: 499 daAuts
     D:1: 481 daAuts
     D:6: 438 daAuts
   Sewer: 341 daAuts
     D:7: 218 daAuts
